 Dungeon Crawl Stone Soup version 0.19.1 (webtiles) character file.

23 esteth the Skirmisher (level 3, 0/30 HPs)
             Began as a Formicid Abyssal Knight on Dec 20, 2016.
             Was a Follower of Lugonu.
             Slain by a hobgoblin
             ... wielding a +0 club
              (4 damage)
             ... on level 1 of the Dungeon.
             The game lasted 00:01:38 (553 turns).

esteth the Skirmisher (Formicid Abyssal Knight)      Turns: 553, Time: 00:01:39

Health: 0/30       AC:  4    Str: 17    XL:     3   Next: 10%
Magic:  4/4        EV: 11    Int: 11    God:    Lugonu [*.....]
Gold:   0          SH:  0    Dex: 10    Spells: 0 memorised, 2 levels left

rFire  . . .     SeeInvis +     a - +1 hand axe
rCold  . . .     Gourm    .     b - +0 leather armour
rNeg   . . .     Faith    .     (no shield)
rPois  .         Spirit   .     (helmet unavailable)
rElec  .         Reflect  .     d - +0 cloak
rCorr  .         Harm     .     (no gloves)
MR     .....                    (no boots)
Stlth  +.........               (no amulet)
                                (no ring)
                                (no ring)

@: no status effects
A: permanent stasis, dig shafts and tunnels, four strong arms, antennae 3
a: Dig, Shaft Self, Depart the Abyss, Renounce Religion


You were on level 1 of the Dungeon.
You worshipped Lugonu.
Lugonu was aware of your devotion.
You were not hungry.

You visited 1 branch of the dungeon, and saw 2 of its levels.
You visited the Abyss 1 time.

Inventory:

Hand Weapons
 a - a +1 hand axe (weapon)
Armour
 b - a +0 leather armour (worn)
 d - a +0 cloak (worn)
Scrolls
 e - a scroll of fear {unknown}
 f - 2 scrolls of remove curse {unknown}
Potions
 g - 2 potions of curing {unknown}
 h - a potion of might {unknown}
Comestibles
 c - a bread ration


   Skills:
 + Level 3.8 Fighting
 * Level 2.4 Axes
 + Level 2.2 Armour
 + Level 1.1 Dodging
 - Level 2.4 Invocations


You had 2 spell levels left.
You didn't know any spells.

Dungeon Overview and Level Annotations

Branches:
Dungeon (2/15)

Altars:


Innate Abilities, Weirdness & Mutations

You are under a permanent stasis effect.
You can dig through walls and to a lower floor.
Your four strong arms can wield two-handed weapons with a shield.
You have a pair of large antennae on your head. (SInv)


Message History

You see here a club.
The hobgoblin hits you but does no damage.
You closely miss the hobgoblin.
The hobgoblin is heavily wounded.
The hobgoblin barely misses you.
You hit the hobgoblin.
The hobgoblin is almost dead.
The hobgoblin closely misses you.
You barely miss the hobgoblin.
The hobgoblin is almost dead.
The hobgoblin closely misses you.
You hit the hobgoblin.
You kill the hobgoblin!
Lugonu accepts your kill.
You hit the hobgoblin.
You kill the hobgoblin!
Lugonu accepts your kill.
You completely miss the hobgoblin. The hobgoblin barely misses you.
You barely miss the hobgoblin. The hobgoblin hits you with a club.
You die...

#. #.###.#### #.#.#......
#.#.#.#.... #.#.#.#....
#.#.#.#.#.# #####.#.#.#.#.#
#.........#.#.#
#.......#...#@# #
#.......#.###g#.####.
#.......#....>.......
#.......#######.####.#.#######
#######.#.......# #..........
#.#.##########...##♣♣♣.♣
##.#..............# ♣⌠♣
#.................♣♣♣♣♣.♣
####...######## #.......⌠.<.


You could see a hobgoblin.

Vanquished Creatures
  A leopard gecko (D:2)
  A ball python (D:1)
  A giant cockroach (D:1)
  3 goblins
  4 hobgoblins (D:1)
  4 jackals (D:1)
  A kobold (D:1)
  2 bats (D:1)
17 creatures vanquished.

Notes
Turn   | Place    | Note
-------+----------+-------------------------------------------
     0 | Abyss:1  | esteth the Formicid Abyssal Knight began the quest for the Orb.
     0 | Abyss:1  | Reached XP level 1. HP: 18/18 MP: 2/2
    67 | Abyss:1  | Noticed a large abomination
    71 | Abyss:1  | Noticed a death knight
    72 | D:1      | Escaped the Abyss
   196 | D:1      | Reached * piety under Lugonu
   200 | D:1      | Reached skill level 1 in Dodging
   205 | D:1      | Reached XP level 2. HP: 11/24 MP: 3/3
   527 | D:1      | You fall through a shaft!
   542 | D:1      | Reached XP level 3. HP: 9/30 MP: 4/4
   553 | D:1      | Slain by a hobgoblin

Skill      XL: |  1 |
---------------+----+-----
Dodging        | 1 |  1.1
Fighting       | |  3.8
Axes           | |  2.4
Armour         | |  2.2
Invocations    | |  2.4

Action                   || total
-------------------------++-------
Melee: Hand axe          ||    69
Invok: Depart the Abyss  ||     1
Armor: Leather armour    ||    26
Dodge: Dodged            ||    52
